MLB
ARIZONA DIAMONDBACKS @ NEW YORK METS
08/29/2098
 
TOP OF THE 1ST
Arizona Diamondbacks batting - Pitching for New York Mets : RHP Luis Manzano
Pitching: RHP Luis Manzano
Batting: RHB Jesse Cavallaro 0-0: Ball
1-0: Called Strike
1-1: Foul Ball, location: 5FF
1-2: Ball
2-2: Foul Ball, location: 2F
2-2: Ball
3-2: Strikes out swinging
Batting: SHB Jose Medina 0-0: Ground out 6-3 (Groundball, 56D, EV 84.4 MPH)
Batting: LHB Mike Tinder 0-0: Called Strike
0-1: Ball
1-1: Called Strike
1-2: Ball
2-2: Ball
3-2: Base on Balls
Batting: LHB Mario Valdez 0-0: Called Strike
0-1: Called Strike
0-2: Strikes out swinging
Top of the 1st over - 0 runs, 0 hits, 0 errors, 1 left on base; Arizona 0 - New York 0
BOTTOM OF THE 1ST
New York Mets batting - Pitching for Arizona Diamondbacks : LHP Jay Meltzer
Pitching: LHP Jay Meltzer
Batting: LHB David Thomas 0-0: Foul Ball, location: 3F
0-1: Ball
1-1: Fly out, F6 (Popup, 6, EV 81.3 MPH)
Batting: RHB Ryan Taylor 0-0: Called Strike
0-1: Swinging Strike
0-2: Strikes out looking
Batting: RHB Marty Krpan 0-0: Ball
1-0: Ground out 5-3 (Groundball, 5S, EV 75.6 MPH)
Bottom of the 1st over - 0 runs, 0 hits, 0 errors, 0 left on base; Arizona 0 - New York 0
TOP OF THE 2ND
Arizona Diamondbacks batting - Pitching for New York Mets : RHP Luis Manzano
Batting: SHB Macario Castro 0-0: Ball
1-0: Ball
2-0: Swinging Strike
2-1: Fly out, F7 (Flyball, 7, EV 88.8 MPH)
Batting: LHB Travis Lawlor 0-0: Fly out, F9 (Flyball, 9, EV 90.0 MPH)
Batting: RHB Gabe Bankole 0-0: Ball
1-0: Fly out, F6 (Line Drive, 6, EV 66.9 MPH)
Top of the 2nd over - 0 runs, 0 hits, 0 errors, 0 left on base; Arizona 0 - New York 0
BOTTOM OF THE 2ND
New York Mets batting - Pitching for Arizona Diamondbacks : LHP Jay Meltzer
Batting: SHB Curt Tolley 0-0: Ball
1-0: Ball
2-0: Fly out, F8 (Flyball, 8LM, EV 75.0 MPH)
Batting: RHB Chris Sims 0-0: Ball
1-0: Ground out 4-3 (Groundball, 4, EV 84.4 MPH)
Batting: LHB Mike Thompson 0-0: Swinging Strike
0-1: Ball
1-1: Foul Ball, location: 7LMF
1-2: DOUBLE (Line Drive, 7LD, EV 105.6 MPH)
Batting: RHB Daniel Tellado 0-0: Called Strike
0-1: Swinging Strike
0-2: Ball
1-2: Fly out, F7 (Flyball, 7, EV 91.3 MPH)
Bottom of the 2nd over - 0 runs, 1 hit, 0 errors, 1 left on base; Arizona 0 - New York 0
TOP OF THE 3RD
Arizona Diamondbacks batting - Pitching for New York Mets : RHP Luis Manzano
Batting: RHB Shawn Lindsey 0-0: Foul Ball, location: 9LDF
0-1: Ball
1-1: Foul Ball, location: 5DF
1-2: Ground out 6-3 (Groundball, 6, EV 85.6 MPH)
Batting: LHB Alex Castro 0-0: Foul Ball, location: 5F
0-1: Foul Ball, location: 23F
0-2: Ball
1-2: Foul Ball, location: 7LSFF
1-2: Ball
2-2: Foul Ball, location: 23F
2-2: Foul Ball, location: 2F
2-2: Ground out 4-3 (Groundball, 4, EV 99.4 MPH)
Batting: RHB Jesse Cavallaro 0-0: Ball
1-0: Swinging Strike
1-1: Foul Ball, location: 3DF
1-2: Foul Ball, location: 3F
1-2: Foul Ball, location: 7LSF
1-2: Strikes out swinging
Top of the 3rd over - 0 runs, 0 hits, 0 errors, 0 left on base; Arizona 0 - New York 0
BOTTOM OF THE 3RD
New York Mets batting - Pitching for Arizona Diamondbacks : LHP Jay Meltzer
Batting: RHB Nate Morrison 0-0: Ball
1-0: Ball
2-0: Foul Ball, location: 9LSF
2-1: Fly out, F7 (Flyball, 7D, EV 100.0 MPH)
Batting: RHB Cesar Oropeza 0-0: Foul Ball, location: 3F
0-1: Called Strike
0-2: Ball
1-2: SINGLE (Line Drive, 8RS, EV 95.6 MPH)
Batting: LHB David Thomas 0-0: Foul Ball, location: 2F
0-1: Foul Ball, location: 7LSF
0-2: Ball
1-2: Ball
2-2: Foul Ball, location: 5SF
2-2: Ball
3-2: Ground out 4-3 (Groundball, 34, EV 82.5 MPH)
Cesar Oropeza to second
Batting: RHB Ryan Taylor 0-0: Foul Ball, location: 5FF
0-1: Called Strike
0-2: Foul Ball, location: 9LSF
0-2: SINGLE (Line Drive, 56, EV 98.1 MPH)
Cesar Oropeza to third
Runner from 3rd tries for Home, SAFE, throw by LF to home
Batting: RHB Marty Krpan 0-0: Called Strike
0-1: Ball
1-1: Ball
2-1: Ball
3-1: Base on Balls
Ryan Taylor to second
Batting: SHB Curt Tolley 0-0: Foul Ball, location: 9LDF
0-1: Swinging Strike
0-2: Foul Ball, location: 3F
0-2: Strikes out swinging
Bottom of the 3rd over - 1 run, 2 hits, 0 errors, 2 left on base; Arizona 0 - New York 1
TOP OF THE 4TH
Arizona Diamondbacks batting - Pitching for New York Mets : RHP Luis Manzano
Batting: SHB Jose Medina 0-0: Ball
1-0: Foul Ball, location: 5F
1-1: Ball
2-1: Fly out, F7 (Flyball, 7D, EV 106.3 MPH)
Batting: LHB Mike Tinder 0-0: Ball
1-0: Foul Ball, location: 9LMF
1-1: Foul Ball, location: 2F
1-2: Foul Ball, location: 2F
1-2: Ball
2-2: Fly out, F8 (Flyball, 8LD, EV 93.1 MPH)
Batting: LHB Mario Valdez 0-0: Ball
1-0: Foul Ball, location: 3FF
1-1: Fly out, F7 (Flyball, 7D, EV 95.6 MPH)
Top of the 4th over - 0 runs, 0 hits, 0 errors, 0 left on base; Arizona 0 - New York 1
BOTTOM OF THE 4TH
New York Mets batting - Pitching for Arizona Diamondbacks : LHP Jay Meltzer
Batting: RHB Chris Sims 0-0: Called Strike
0-1: Ball
1-1: Ball
2-1: Foul Ball, location: 2F
2-2: Strikes out swinging
Batting: LHB Mike Thompson 0-0: Ball
1-0: Ball
2-0: Called Strike
2-1: Ball
3-1: Called Strike
3-2: Foul Ball, location: 3F
3-2: Fly out, F8 (Line Drive, 8LM, EV 95.0 MPH)
Batting: RHB Daniel Tellado 0-0: Ball
1-0: Called Strike
1-1: Foul Ball, location: 5SF
1-2: Fly out, F8 (Flyball, 8RS, EV 83.1 MPH)
Bottom of the 4th over - 0 runs, 0 hits, 0 errors, 0 left on base; Arizona 0 - New York 1
TOP OF THE 5TH
Arizona Diamondbacks batting - Pitching for New York Mets : RHP Luis Manzano
Batting: SHB Macario Castro 0-0: Foul Ball, location: 25F
0-1: Ball
1-1: Ball
2-1: Hit by Pitch
Batting: LHB Travis Lawlor 0-0: Ball
1-0: Ball
2-0: Ball
3-0: Called Strike
3-1: Called Strike
3-2: Foul Ball, location: 5DF
3-2: Foul Ball, location: 2F
3-2: Fly out, F7 (Flyball, 7, EV 98.1 MPH)
Batting: RHB Gabe Bankole 0-0: Called Strike
0-1: Fly out, F7 (Flyball, 78M, EV 87.5 MPH)
Batting: RHB Shawn Lindsey 0-0: Ball
1-0: Ground out 5-3 (Groundball, 56S, EV 71.9 MPH)
Top of the 5th over - 0 runs, 0 hits, 0 errors, 1 left on base; Arizona 0 - New York 1
BOTTOM OF THE 5TH
New York Mets batting - Pitching for Arizona Diamondbacks : LHP Jay Meltzer
Batting: RHB Nate Morrison 0-0: Swinging Strike
0-1: Ball
1-1: Ball
2-1: Ground out 6-3 (Groundball, 6, EV 85.0 MPH)
Batting: RHB Cesar Oropeza 0-0: Ball
1-0: Ball
2-0: Fly out, F8 (Flyball, 8RD, EV 98.8 MPH)
Batting: LHB David Thomas 0-0: Ball
1-0: SINGLE (Groundball, 6M, EV 90.0 MPH)
Batting: RHB Ryan Taylor 0-0: Ball
1-0: Ball
2-0: Called Strike
2-1: Ball
3-1: Swinging Strike
3-2: Base on Balls
David Thomas to second
Batting: RHB Marty Krpan 0-0: Called Strike
0-1: Ball
1-1: Ball
2-1: Fly out, F7 (Flyball, 78M, EV 88.8 MPH)
Bottom of the 5th over - 0 runs, 1 hit, 0 errors, 2 left on base; Arizona 0 - New York 1
TOP OF THE 6TH
Arizona Diamondbacks batting - Pitching for New York Mets : RHP Luis Manzano
Pitching: RHP Danny Irizarry
Batting: LHB Alex Castro 0-0: Fly out, F4 (Line Drive, 4M, EV 69.4 MPH)
Batting: RHB Jesse Cavallaro 0-0: Ball
1-0: SINGLE (Groundball, 6MD, EV 105.6 MPH)
Batting: SHB Jose Medina 0-0: Ball
1-0: Called Strike
1-1: Ball
2-1: Swinging Strike
2-2: Foul Ball, location: 7LSF
2-2: Ball
3-2: Base on Balls
Jesse Cavallaro to second
Batting: LHB Mike Tinder 0-0: Called Strike
0-1: Ball
1-1: Swinging Strike
1-2: Ball
2-2: Foul Ball, location: 3FF
2-2: Foul Ball, location: 7LSF
2-2: Fielders Choice at 2nd, 3-6 (Groundball, 3, EV 90.6 MPH)
Jesse Cavallaro to third
Batting: LHB Mario Valdez 0-0: Fly out, F8 (Flyball, 78D, EV 87.5 MPH)
Top of the 6th over - 0 runs, 1 hit, 0 errors, 2 left on base; Arizona 0 - New York 1
BOTTOM OF THE 6TH
New York Mets batting - Pitching for Arizona Diamondbacks : LHP Jay Meltzer
Pinch Hitting: RHB Jeff Hestermann 0-0: Swinging Strike
0-1: Foul Ball, location: 9LSF
0-2: Foul Ball, location: 5DF
0-2: Ball
1-2: Strikes out looking
Batting: RHB Chris Sims 0-0: Called Strike
0-1: Foul Ball, location: 2F
0-2: SINGLE (Line Drive, 78M, EV 98.1 MPH)
Batting: LHB Mike Thompson 0-0: Fielders Choice at 2nd, 4-6 (Groundball, 34, EV 83.1 MPH)
Batting: RHB Daniel Tellado 0-0: Ball
1-0: Ball
Balk!
Mike Thompson to second
2-0: Ball
3-0: Called Strike
3-1: Foul Ball, location: 23FF
3-2: Fly out, F7 (Flyball, 7LS, EV 94.4 MPH)
Bottom of the 6th over - 0 runs, 1 hit, 0 errors, 1 left on base; Arizona 0 - New York 1
TOP OF THE 7TH
Arizona Diamondbacks batting - Pitching for New York Mets : RHP Danny Irizarry
Now at 1B: Jeff Hestermann
Batting: SHB Macario Castro 0-0: Ball
1-0: Ball
2-0: Fly out, F9 (Flyball, 9S, EV 97.5 MPH)
Batting: LHB Travis Lawlor 0-0: Called Strike
0-1: Foul Ball, location: 2F
0-2: Foul Ball, location: 25F
0-2: Ball
1-2: Foul Ball, location: 2F
1-2: Foul Ball, location: 5SF
1-2: Strikes out swinging
Pitching: RHP Luis Torres
Batting: RHB Gabe Bankole 0-0: Called Strike
0-1: Ball
1-1: Swinging Strike
1-2: Ball
2-2: Ball
3-2: Strikes out swinging
Top of the 7th over - 0 runs, 0 hits, 0 errors, 0 left on base; Arizona 0 - New York 1
BOTTOM OF THE 7TH
New York Mets batting - Pitching for Arizona Diamondbacks : LHP Jay Meltzer
Pitching: LHP Mike White
Batting: RHB Nate Morrison 0-0: Foul Ball, location: 3FF
0-1: Foul Ball, location: 9LSF
0-2: Ball
1-2: Ground out 3-1 (Groundball, 34S, EV 90.6 MPH)
Batting: RHB Cesar Oropeza 0-0: Foul Ball, location: 9LSF
0-1: Ground out U3 (Groundball, 3, EV 83.1 MPH)
Batting: LHB David Thomas 0-0: Called Strike
0-1: Ball
1-1: Swinging Strike
1-2: Ground out 4-3 (Groundball, 4, EV 102.5 MPH)
Bottom of the 7th over - 0 runs, 0 hits, 0 errors, 0 left on base; Arizona 0 - New York 1
TOP OF THE 8TH
Arizona Diamondbacks batting - Pitching for New York Mets : RHP Luis Torres
Batting: RHB Shawn Lindsey 0-0: Called Strike
0-1: Foul Ball, location: 2F
0-2: Ball
1-2: Foul Ball, location: 2F
1-2: Ball
2-2: Foul Ball, location: 9LDF
2-2: Strikes out looking
Batting: LHB Alex Castro 0-0: Ball
1-0: Foul Ball, location: 5DF
1-1: Foul Ball, location: 2F
1-2: SINGLE (Groundball, 6MD, EV 108.1 MPH)
Batting: RHB Jesse Cavallaro 0-0: Swinging Strike
0-1: Ball
1-1: Fly out, F7 (Flyball, 7, EV 85.0 MPH)
Batting: SHB Jose Medina 0-0: Ball
1-0: Ball
2-0: Called Strike
2-1: Foul Ball, location: 7LDF
2-2: Strikes out swinging
Top of the 8th over - 0 runs, 1 hit, 0 errors, 1 left on base; Arizona 0 - New York 1
BOTTOM OF THE 8TH
New York Mets batting - Pitching for Arizona Diamondbacks : LHP Mike White
Batting: RHB Ryan Taylor 0-0: SOLO HOME RUN (Flyball, 9D, EV 98.1 MPH), Distance : 388 ft
Batting: RHB Marty Krpan 0-0: Foul Ball, location: 2F
0-1: SINGLE (Line Drive, 78S, EV 96.3 MPH)
Batting: RHB Jeff Hestermann 0-0: Ball
1-0: Foul Ball, location: 9LMF
1-1: Called Strike
1-2: Ball
2-2: Foul Ball, location: 5FF
2-2: Strikes out looking
Batting: RHB Chris Sims 0-0: Called Strike
0-1: Swinging Strike
0-2: Strikes out looking
Batting: LHB Mike Thompson 0-0: Fly out, F7 (Flyball, 78S, EV 92.5 MPH)
Bottom of the 8th over - 1 run, 2 hits, 0 errors, 1 left on base; Arizona 0 - New York 2
TOP OF THE 9TH
Arizona Diamondbacks batting - Pitching for New York Mets : RHP Luis Torres
Pitching: RHP Kerry Moreno
Batting: LHB Mike Tinder 0-0: Ball
1-0: Ball
2-0: Ball
3-0: Called Strike
3-1: Swinging Strike
3-2: Strikes out swinging
Batting: LHB Mario Valdez 0-0: Swinging Strike
0-1: Ball
1-1: Called Strike
1-2: Fly out, F8 (Flyball, 78M, EV 81.3 MPH)
Batting: SHB Macario Castro 0-0: Fly out, F7 (Flyball, 78S, EV 84.4 MPH)
Top of the 9th over - 0 runs, 0 hits, 0 errors, 0 left on base; Arizona 0 - New York 2
Sunday, April 14th , 2024 - OOTP Baseball 24.11 Build 85